 Dungeon Crawl Stone Soup version 0.21.1-1-g345015f (webtiles) character file.

114 aMcNicky the Skirmisher (level 4, -2/36 HPs)
             Began as a Demonspawn Fighter on Mar 10, 2018.
             Was an Initiate of Okawaru.
             Killed by nerve-wracking pain
             ... invoked by Grinder
              (11 damage)
             ... on level 3 of the Dungeon.
             The game lasted 00:04:24 (1876 turns).

aMcNicky the Skirmisher (Demonspawn Fighter)        Turns: 1876, Time: 00:04:25

Health: -2/36      AC:  9    Str: 17    XL:     4   Next: 66%
Magic:  0/4        EV:  4    Int: 10    God:    Okawaru [......]
Gold:   107        SH:  9    Dex: 12    Spells: 3/3 levels left

rFire    . . .     SeeInvis .   a - +0 war axe
rCold    . . .     Gourm    .   c - +0 shield
rNeg     . . .     Faith    .   p - +0 chain mail (curse)
rPois    .         Spirit   +   (no helmet)
rElec    .         Reflect  .   (no cloak)
rCorr    .         Harm     .   (no gloves)
MR       .....                  (no boots)
Stlth    ..........             (no amulet)
HPRegen  0.12/turn              (no ring)
MPRegen  0.09/turn              (no ring)

@: no status effects
A: magic shield
a: Renounce Religion


You were on level 3 of the Dungeon.
You worshipped Okawaru.
Okawaru was noncommittal.
You were not hungry.

You visited 1 branch of the dungeon, and saw 3 of its levels.

You collected 107 gold pieces.

Inventory:

Hand Weapons
 a - a +0 war axe (weapon)
Armour
 c - a +0 shield (worn)
 p - a cursed +0 chain mail (worn)
Scrolls
 b - a scroll of noise {unknown}
 h - 3 scrolls of identify {unknown}
 k - a scroll of immolation {unknown}
 m - a scroll of enchant weapon {unknown}
 n - a scroll of amnesia {unknown}
 o - a scroll of remove curse {unknown}
Potions
 d - 3 potions of might
 e - a potion of resistance {unknown}
 g - a potion of flight {unknown}
 i - a potion of magic {unknown}
 j - a potion of ambrosia {unknown}
 l - 2 potions of cancellation {unknown}
 r - a potion of degeneration {unknown}
Comestibles
 f - 8 rations


   Skills:
 + Level 3.6 Fighting
 * Level 3.1 Axes
 + Level 3.2 Armour
 + Level 3.2 Shields


You had 3 spell levels left.
You didn't know any spells.

Dungeon Overview and Level Annotations

Branches:
Dungeon (3/15)

Altars:
Okawaru

Annotations:
D:3 Grinder


Innate Abilities, Weirdness & Mutations

When hurt, damage is shared between your health and your magic reserves.


Message History

Grinder blinks!
Grinder gestures at you.
You suddenly lose the ability to move!
Grinder gestures at you.
You barely resist. Grinder hits you. x2
You writhe in agony.
* * * LOW HITPOINT WARNING * * *
Grinder hits you.
* * * LOW HITPOINT WARNING * * *
You can move again.
Grinder blinks!
Grinder blinks!
Grinder gestures at you.
You suddenly lose the ability to move!
You can move again.
Unknown command.
Grinder gestures at you. Pain shoots through your body!
You die...

######.#..
#......#..
####.#....#..
............#
#########...5..###
#.......###.####
#.#####.# #.#
#.#<)...# #ยง#
#@#########.#
#.....5.....#
###########.# ###


You could see Grinder.

Vanquished Creatures
  Jessica (D:2)
  2 adders (D:2)
  An ooze (D:1)
  2 worms (D:2)
  A dart slug (D:1)
  A leopard gecko (D:1)
  3 bats
  3 giant cockroaches
  7 goblins
  14 hobgoblins
  3 jackals (D:1)
  5 kobolds
  A quokka (D:2)
  A frilled lizard (D:1)
  6 rats
51 creatures vanquished.

Notes
Turn   | Place    | Note
-------+----------+-------------------------------------------
     0 | D:1      | aMcNicky the Demonspawn Fighter began the quest for the Orb.
     0 | D:1      | Reached XP level 1. HP: 18/18 MP: 1/1
   135 | D:1      | Gained mutation: When hurt, damage is shared between your health and your magic reserves. [demonic ancestry]
   135 | D:1      | Reached XP level 2. HP: 23/24 MP: 2/2
   300 | D:1      | Reached XP level 3. HP: 27/29 MP: 3/3
  1215 | D:2      | Found an iron altar of Okawaru.
  1225 | D:2      | Became a worshipper of Warmaster Okawaru
  1471 | D:2      | Noticed Jessica
  1482 | D:2      | Killed Jessica
  1482 | D:2      | Reached XP level 4. HP: 31/35 MP: 2/4
  1831 | D:3      | Noticed Grinder
  1858 | D:3      | Paralysed by Grinder for 7 turns
  1873 | D:3      | Paralysed by Grinder for 2 turns
  1876 | D:3      | Killed from afar by Grinder

Skill      XL: |  1  2  3 |
---------------+----------+-----
Axes           | 2 3 |  3.1
Armour         | 3 |  3.2
Shields        | 3 |  3.2
Fighting       | |  3.6

Action                   |  1- 3 |  4- 6 || total
-------------------------+-------+-------++-------
Melee: War axe           |   134 |    31 ||   165
  Eat: Chunk             |     2 |     1 ||     3
Armor: Scale mail        |    60 |       ||    60
       Chain mail        |    13 |    16 ||    29
Dodge: Dodged            |    36 |     5 ||    41
Block: Shield            |    72 |    12 ||    84
